 Dungeon Crawl Stone Soup version 0.28-a0-1152-g9c71ebef14 (webtiles) character file.

Game seed: 9897312604914627779

92 gimp the Chopper (level 4, -2/28 HPs)
             Began as a Tengu Wanderer on Dec 14, 2021.
             Slain by an adder (4 damage)
             ... on level 2 of the Dungeon.
             The game lasted 00:05:17 (2869 turns).

gimp the Chopper (Tengu Wanderer)                   Turns: 2869, Time: 00:05:17

Health: -2/28      AC:  2    Str: 11 (12) XL:     4   Next: 60%
Magic:  5/5        EV: 11    Int: 14 (15) God:
Gold:   86         SH:  4    Dex: 13      Spells: 3/3 levels left

rFire   . . .      SeeInvis .   a - +0 spear
rCold   . . .      Faith    .   f - +0 buckler
rNeg    . . .      Spirit   .   d - +0 robe
rPois   .          Reflect  .   (helmet restricted)
rElec   .          Harm     .   (no cloak)
rCorr   .          Rampage  .   (no gloves)
Will    .....                   (boots unavailable)
Stlth   ++........              (no amulet)
HPRegen 0.09/turn               (no ring)
MPRegen 0.09/turn               (no ring)

@: lethally poisoned (-2 -> -7), invisible
A: beak, talons 3
a: no special abilities


You were on level 2 of the Dungeon.
You visited 1 branch of the dungeon, and saw 2 of its levels.

You collected 86 gold pieces.

Inventory:

Hand Weapons
 a - a +0 spear (weapon)
 c - a +0 falchion
 e - a +0 dagger
Armour
 b - a +0 kite shield
 d - a +0 robe (worn)
 f - a +0 buckler (worn)
Scrolls
 g - 3 scrolls of identify {unknown}
Potions
 i - a potion of degeneration


   Skills:
 - Level 3.0 Fighting
 - Level 3.2(3.4) Axes
 * Level 1.4(2.5) Polearms
 - Level 1.1 Armour
 - Level 1.1 Dodging
 - Level 2.0 Stealth
 + Level 3.2 Shields


You had 3 spell levels left.
You didn't know any spells.
Your spell library was empty.

Dungeon Overview and Level Annotations

Branches:
Dungeon (2/15)

Altars:

Shops:
D:2 :


Innate Abilities, Weirdness & Mutations

You have a beak for a mouth.
You have claws for feet.


Message History

The adder poisons you!
You take 5 damage, and have 18/28 hp.
You closely miss the adder. Your kick misses the adder.
Your peck misses the adder.
You feel sick. You block the adder's attack. The adder bites you.
You take 4 damage, and have 14/28 hp.
You are too injured to fight recklessly!
You are too injured to fight recklessly!
You are too injured to fight recklessly!
It was a potion of invisibility.
You fade into invisibility!
You feel sick. The adder bites you.
* * * LOW HITPOINT WARNING * * *
You take 6 damage, and have 8/28 hp.
MASSIVE DAMAGE!!
Throw: throwing net
Press: ? - help, Q - select action Shift-Dir - straight line, f - adder
Aim: an adder (38% to hit)
You throw a throwing net.
The throwing net closely misses the adder.
You feel sick. You block the adder's attack.
You take 1 damage, and have 7/28 hp.
Reach: a) +0 spear
Press: ? - help, Dir - move target, f/p - adder
Aim: an adder (about 56% to evade your +0 spear)
You miss the adder.
You feel sick. The adder bites you.
* * * LOW HITPOINT WARNING * * *
You are lethally poisoned!
The adder poisons you!
You take 2 damage, and have 5/28 hp.
Okay, then.
You hit the adder but do no damage.
* * * LOW HITPOINT WARNING * * *
You feel sick. The adder barely misses you.
You take 2 damage, and have 3/28 hp.
You catch the helpless adder completely off-guard!
You hit the adder. Your kick misses the adder.
The adder is lightly wounded.
* * * LOW HITPOINT WARNING * * *
You feel sick. The adder bites you.
You die...

.....#
#........†#####.#####
..#### #.........#
#.....# ..# ##........#
#####.# ..# #.......##
#.# ..# #.#..#..# #.#
..# #.......# ######
#.######
..#######.#..#.## .....#
#.......
........#.#.....##.....#
##..####
................@Sg....#
#..####
........#.###...##.....#
#....##
..#######.####.## .....#
##.#.## ..# #.....(#
###### #.#.## ..#
######.# #######.....
..# #.# #..(......## ..#
#.# #.######### ..#
#.#######.# .#### ###
#.........#


You could see an adder and a hobgoblin.

Vanquished Creatures
  3 gnolls (D:2)
  2 adders
  2 worms (D:2)
  2 dart slugs (D:1)
  3 ball pythons
  3 endoplasms
  A giant cockroach (D:1)
  3 goblins
  3 hobgoblins
  2 jackals (D:2)
  3 bats
  3 frilled lizards
  4 kobolds
  3 rats
37 creatures vanquished.

Notes
Turn   | Place    | Note
-------+----------+-------------------------------------------
     0 | D:1      | gimp the Tengu Wanderer began the quest for the Orb.
     0 | D:1      | gimp set off with the following items: a +0 falchion, a +0
                  | kite shield, a potion of lignification, a +0 robe, a +0
                  | dagger
     0 | D:1      | Reached XP level 1. HP: 12/12 MP: 2/2
   282 | D:1      | Reached XP level 2. HP: 18/18 MP: 3/3
   583 | D:1      | Found a faded altar of an unknown god.
  1191 | D:2      | Reached XP level 3. HP: 19/23 MP: 4/4
  1762 | D:2      | Reached XP level 4. HP: 17/28 MP: 5/5
  1940 | D:2      | Found Urchudome's Book Emporium.
  2567 | D:2      | Reached skill level 1 in Polearms
  2869 | D:2      | Slain by an adder

Illustrated notes

Levels and vault maps discovered:
D:1:      sevenhm_arrival_forest_fort_large_4, layout_rooms,
          chequers_ecumenical_altar_lobes
D:2:      layout_loops_cross, serial_shops, nicolae_shop_stone

Skill      XL: |  1  2  3  4 |
---------------+-------------+-----
Fighting       | 3 |  3.0
Shields        | 3 |  3.2
Polearms       | 1 |  1.4
Axes           | |  3.2
Armour         | |  1.1
Dodging        | |  1.1
Stealth        | |  2.0

Action                   |  1- 3 |  4- 6 || total
-------------------------+-------+-------++-------
Melee: Falchion          |    77 |       ||    77
       Kick              |    13 |     6 ||    19
       Peck              |     7 |     6 ||    13
       Spear             |    12 |    72 ||    84
Throw: Throwing net      |       |     1 ||     1
  Use: Potion            |     3 |     1 ||     4
 Stab: Sleeping          |     2 |       ||     2
       Invisible         |       |     1 ||     1
Armor: Robe              |    16 |     4 ||    20
       Skin              |    18 |       ||    18
Dodge: Dodged            |    38 |    22 ||    60
Block: Buckler           |    11 |     9 ||    20

Table legend: (Time is in decaauts)
 A = Elapsed time spent in this place.
 B = Non-inter-level travel time spent in this place.
 C = Inter-level travel time spent in this place.
 D = Time resting spent in this place.
 E = Time spent auto-exploring this place.
 F = Levels seen in this place.
 G = Mean time per level.
                   A        B        C        D        E       F      G
               +--------+--------+--------+--------+--------+-----+--------+
         Total |   2900 |   2833 |     67 |    405 |   1890 |   2 | 1450.0 |
       Dungeon |   2900 |   2833 |     67 |    405 |   1890 |   2 | 1450.0 |
               +--------+--------+--------+--------+--------+-----+--------+

Top non-repeatable levels by time:
     D:1: 1510 daAuts
     D:2: 1390 daAuts
